 Dungeon Crawl Stone Soup version 0.26-a0-712-ga5a9c9c9d0 (webtiles) character file.

Game seed: 4971289529078938683

194 Azzok the Chopper (level 5, 61/61 HPs)
             Began as a Demonspawn Berserker on Nov 12, 2020.
             Was a Follower of Trog.
             Quit the game on level 2 of the Dungeon.
             The game lasted 00:01:15 (877 turns).

Azzok the Chopper (Demonspawn Berserker)             Turns: 877, Time: 00:01:16

Health: 61/61      AC:  5    Str: 18    XL:     5   Next: 44%
Magic:  5/5        EV: 12    Int:  8    God:    Trog [*.....]
Gold:   36         SH:  0    Dex: 13    Spells: 4/4 levels left

rFire    . . .     SeeInvis .   a - +0 hand axe
rCold    + . .     Faith    .   (no shield)
rNeg     . . .     Spirit   .   b - +0 animal skin
rPois    .         Reflect  .   g - +0 helmet
rElec    .         Harm     .   (no cloak)
rCorr    .         Rampage  .   (no gloves)
MR       .....                  (no boots)
Stlth    ..........             (no amulet)
HPRegen  0.20/turn              (no ring)
MPRegen  0.09/turn              (no ring)

@: berserking, very quick
A: hooves 1, thin metallic scales 1, cold resistance 1, freezing cloud immunity
a: Berserk, Renounce Religion


You were on level 2 of the Dungeon.
You worshipped Trog.
Trog was aware of your devotion.
You visited 1 branch of the dungeon, and saw 2 of its levels.

You collected 36 gold pieces.

Inventory:

Hand Weapons
 a - a +0 hand axe (weapon)
Armour
 b - a +0 animal skin (worn)
 g - a +0 helmet (worn)
Jewellery
 h - an uncursed ring of wizardry {unknown}
Scrolls
 d - 4 scrolls of remove curse {unknown}
 e - a scroll of blinking {unknown}
 f - 8 scrolls of identify {unknown}
 i - a scroll of magic mapping {unknown}
 j - a scroll of teleportation {unknown}
Potions
 c - 2 potions of flight {unknown}


   Skills:
 - Level 3.0 Fighting
 + Level 5.7 Axes
 - Level 1.7 Armour
 - Level 1.7 Dodging


You had 4 spell levels left.
You didn't know any spells.
Your spell library was empty.

Dungeon Overview and Level Annotations

Branches:
Dungeon (2/15)

Altars:


Innate Abilities, Weirdness & Mutations

You have large cloven feet.
You are partially covered in thin metallic scales. (AC +2)
Your flesh is cold resistant. (rC+)
You are immune to freezing clouds.


Message History

You barely miss Sigmund.
Sigmund is moderately wounded.
Sigmund closely misses you.
You slash Sigmund!
Sigmund is severely wounded.
You slash Sigmund!
Sigmund is almost dead.
Sigmund hits you but does no damage.
You slash Sigmund!
You kill Sigmund!
Trog accepts your kill.
Trog appreciates your killing of a magic user.
Your Axes skill increases to level 5!
You have reached level 4!
You feel agile.
Your demonic ancestry asserts itself...
You feel less concerned about cold.
You have reached level 5!
Your demonic ancestry asserts itself...
Your feet thicken and deform.
Are you sure you want to abandon this character and quit the game? (Confirm with "yes".)

▒······ ▒··· ▒······
▒··· ▒▒····· ▒▒▒▒▒▒···
···· ▒········
▒▒▒▒▒·▒▒▒▒▒▒ ▒········
▒··········▒ ▒········
▒··········▒ ▒········
▒····)·····▒ ▒········
▒····@·····▒▒▒········
▒·····················
▒····<·····▒·▒········
▒··········▒·▒········
▒··········▒·▒········
▒··········▒·▒▒▒▒▒▒▒▒·
▒····[·····▒·▒
▒··········▒·▒
▒▒▒▒▒▒▒▒▒·▒▒·▒


There were no monsters in sight!

Vanquished Creatures
  Sigmund (D:2)
  An adder (D:2)
  An adder skeleton (D:2)
  3 dart slugs
  2 giant cockroaches (D:1)
  4 hobgoblins
  3 bats (D:1)
  A frilled lizard (D:1)
  A goblin (D:1)
  3 kobolds
  6 rats
26 creatures vanquished.

Notes
Turn   | Place    | Note
-------+----------+-------------------------------------------
     0 | D:1      | Azzok the Demonspawn Berserker began the quest for the Orb.
     0 | D:1      | Reached XP level 1. HP: 18/18 MP: 1/1
   179 | D:1      | Reached skill level 3 in Axes
   391 | D:1      | Gained mutation: You are partially covered in thin metallic
                  | scales. (AC +2) [demonic ancestry]
   391 | D:1      | Reached XP level 2. HP: 24/24 MP: 2/2
   730 | D:2      | Gained mutation: Your flesh is cold resistant. (rC+)
                  | [demonic ancestry]
   730 | D:2      | Reached XP level 3. HP: 27/29 MP: 3/3
   767 | D:2      | Reached skill level 4 in Axes
   846 | D:2      | Noticed Sigmund
   876 | D:2      | Killed Sigmund
   876 | D:2      | Reached skill level 5 in Axes
   876 | D:2      | Gained mutation: You are immune to freezing clouds.
                  | [demonic ancestry]
   876 | D:2      | Reached XP level 4. HP: 35/35 MP: 4/4
   876 | D:2      | Gained mutation: You have large cloven feet. [demonic
                  | ancestry]
   876 | D:2      | Reached XP level 5. HP: 41/41 MP: 5/5
   877 | D:2      | Quit the game

Illustrated notes

Levels and vault maps discovered:
D:1:      dpeg_arrival_simpleton_b, layout_basic
D:2:      layout_basic, minmay_indecisive_spiral, uniq_sigmund

Skill      XL: |  1  2  3 |
---------------+----------+-----
Axes           | 3 5 |  5.7
Fighting       | |  3.0
Armour         | |  1.7
Dodging        | |  1.7

Action                   |  1- 3 |  4- 6 || total
-------------------------+-------+-------++-------
Melee: Hand axe          |    91 |       ||    91
Invok: Berserk           |     1 |       ||     1
Armor: Animal skin       |    20 |       ||    20
Dodge: Dodged            |    55 |       ||    55

Table legend: (Time is in decaauts)
 A = Elapsed time spent in this place.
 B = Non-inter-level travel time spent in this place.
 C = Inter-level travel time spent in this place.
 D = Time resting spent in this place.
 E = Time spent auto-exploring this place.
 F = Levels seen in this place.
 G = Mean time per level.
                   A        B        C        D        E       F      G
               +--------+--------+--------+--------+--------+-----+--------+
         Total |    886 |    879 |      7 |      6 |    654 |   2 |  443.0 |
       Dungeon |    886 |    879 |      7 |      6 |    654 |   2 |  443.0 |
               +--------+--------+--------+--------+--------+-----+--------+

Top non-repeatable levels by time:
     D:1: 686 daAuts
     D:2: 200 daAuts
